[Event "FIDE Grand Swiss 2023"]
[Site "Villa Marina, Douglas, Isle of Man, Isle Of Man"]
[Date "2023.11.02"]
[Round "8.1"]
[White "Vidit, Santosh Gujrathi"]
[Black "Nakamura, Hikaru"]
[Result "1/2-1/2"]
[TimeControl "40/90 + 30 + 30s/move"]
[WhiteFideId "5029465"]
[BlackFideId "2016192"]
[WhiteElo "2716"]
[BlackElo "2780"]

1. e4 c5 2. c3 d5 3. exd5 Qxd5 4. d4 Nf6 5. Nf3 e6 6. Na3 Qd8 7. Nc4 Be7 8. Bd3 Nbd7 9. Bf4 O-O 10.
a4 b6 11. O-O Bb7 12. Re1 Nh5 13. Be3 Nhf6 14. Bf4 Nh5 15. Be3 Nhf6 16. Bf4 1/2-1/2

[Event "FIDE Grand Swiss 2023"]
[Site "Villa Marina, Douglas, Isle of Man, Isle Of Man"]
[Date "2023.11.02"]
[Round "8.2"]
[White "Caruana, Fabiano"]
[Black "Bacrot, Etienne"]
[Result "1-0"]
[TimeControl "40/90 + 30 + 30s/move"]
[WhiteFideId "2020009"]
[BlackFideId "605506"]
[WhiteElo "2786"]
[BlackElo "2669"]

1. e4 c5 2. Nf3 e6 3. d4 cxd4 4. Nxd4 Nc6 5. Nc3 Qc7 6. Be3 a6 7. a3 b5 8. Nxc6 Qxc6 9. Be2 Bb7 10.
O-O Ne7 11. Qd2 Nf5 12. Bf4 Nh4 13. Rfd1 Be7 14. Bg5 Bxg5 15. Qxg5 Ng6 16. Rd4 O-O 17. Rad1 Rad8 18. a4 bxa4 19.
Qa5 d5 20. exd5 exd5 21. Bf3 Qf6 22. Qxa4 Ne7 23. h3 h6 24. Ne4 Qb6 25. Rb4 Bc6 26. Qa3 Qc7 27. Ng3 Bb5 28. Rbd4 Rfe8 29.
c3 Bc4 30. b3 Bb5 31. Qb2 Rc8 32. Rc1 Nc6 33.
Rdd1 Ne5 34. Be2 Bxe2 35. Qxe2 Qc6 36. Nf5 Qf6 37. Ne3 Ng6 38. Qg4 Ne7 39. Rd4 a5 40. Qd1 Rc5 41. Qd2 Rec8 42.
Rd3 h5 43. Rc2 g6 44. Rc1 Kh7 45. Rd4 Qg5 46. g3 Kg8 47. Re1 Qf6 48. b4 axb4 49. cxb4 Rb5 50. Rf4 Qc3 51. Qxc3 Rxc3 52.
Ng4 Kf8 53. Ne5 f5 54. Ra1 g5 55. Rd4 Nc6 56. Nxc6 Rxc6 57. Ra5 Rxa5 58. bxa5 Rc5 59. Ra4 Ke7 60. a6 Rc8 1-0

[Event "FIDE Grand Swiss 2023"]
[Site "Villa Marina, Douglas, Isle of Man, Isle Of Man"]
[Date "2023.11.02"]
[Round "8.4"]
[White "Erigaisi, Arjun"]
[Black "Kuzubov, Yuriy"]
[Result "1/2-1/2"]
[TimeControl "40/90 + 30 + 30s/move"]
[WhiteFideId "35009192"]
[BlackFideId "14112906"]
[WhiteElo "2712"]
[BlackElo "2625"]

1. d4 d5 2. c4 e6 3. Nc3 Nf6 4. cxd5 exd5 5. Bg5 c6 6. e3 Be7 7. Bd3 O-O 8. h3 Re8 9. Nf3 Nbd7 10.
Qc2 a5 11. Bf4 Nf8 12. Bh2 Bd6 13. Ne5 Qe7 14. O-O-O Bb4 15. Kb1 Bxc3 16. Qxc3 Ne4 17. Qc2 f6 18. f3 Ng5 19. h4 Nge6 20.
Ng4 c5 21. h5 c4 22. Bf5 Ng5 23. Bxc8 Raxc8 24. Bf4 Nge6 25. Bg3 h6 26. Bh4 Nh7 27. Rhe1 Qf7 28. Qf5 Nef8 29. e4 dxe4 30.
fxe4 Qe6 31. Qf3 Qb6 32. Ka1 Qb4 33. Re3 Ne6 34. e5 fxe5 35. Be1 Qf8 36. Qxf8+ Nhxf8 37. Rxe5 b6 38. Bc3 Nf4 39.
Rb5 Nd7 40. Ne5 Nxe5 41. dxe5 Ne2 42. a4 Nxc3 43. bxc3 Rc6 44. Kb1 Kf7 45. Kc2 Ke6 46. Rd4 Rg8 47. Rf4 Ke7 48. Kd2 g6 49.
Rf6 Rxf6 50. exf6+ Kf7 51. hxg6+ Rxg6 52. Rxb6 Rxg2+ 53. Ke3 h5 54. Rb5 h4 55. Rxa5 Rg3+ 56. Kd4 Rg4+ 57. Ke3 Rg3+ 58.
Kd4 Rg4+ 1/2-1/2

[Event "FIDE Grand Swiss 2023"]
[Site "Villa Marina, Douglas, Isle of Man, Isle Of Man"]
[Date "2023.11.02"]
[Round "8.5"]
[White "Deac, Bogdan-Daniel"]
[Black "Wojtaszek, Radoslaw"]
[Result "1-0"]
[TimeControl "40/90 + 30 + 30s/move"]
[WhiteFideId "1226380"]
[BlackFideId "1118358"]
[WhiteElo "2701"]
[BlackElo "2668"]

1. e4 e5 2. Nf3 Nc6 3.
Bc4 Bc5 4. c3 Nf6 5. d3 d6 6. O-O a6 7. Re1 Ba7 8.
a4 O-O 9. h3 Re8 10. Nbd2 Be6 11.
Bxe6 Rxe6 12. b4 d5 13. Rb1 dxe4 14. Nxe4 Nxe4 15. dxe4 Qxd1 16. Rxd1 f6 17. Kf1 Rd8 18. Rd2 Red6 19.
Ke2 Kf7 20. Rbb2 Ke6 21. Rbc2 R6d7 22. Rxd7 Rxd7 23. Nd2 Rd8 24. Nb3 Nb8 25. Na5 b6 26. Nb3 b5 27. Ra2 Bb6 28. f4 Rd6 29.
f5+ Ke7 30. g4 h6 31. axb5 axb5 32. h4 Rd8 33. Bd2 Nd7 34. Ra6 Nb8 35. Ra2 Nd7 36. Ra1 Kf7 37. Ra6 Ke7 38. Nc1 Nb8 39.
Ra1 Bf2 40. Ra5 c6 41. Nd3 Bxh4 42. Nc5 Bf2 43. Ra7+ Ke8 44. Kxf2 Rxd2+ 45. Ke3 Rd8 46. Ne6 Rd7 47. Ra8 Rb7 48.
Nc5 1-0

[Event "FIDE Grand Swiss 2023"]
[Site "Villa Marina, Douglas, Isle of Man, Isle Of Man"]
[Date "2023.11.02"]
[Round "8.6"]
[White "Predke, Alexandr"]
[Black "Fedoseev, Vladimir"]
[Result "1/2-1/2"]
[TimeControl "40/90 + 30 + 30s/move"]
[WhiteFideId "24107581"]
[BlackFideId "24130737"]
[WhiteElo "2656"]
[BlackElo "2691"]

1. d4 d5 2. c4 c6 3. Nf3 Nf6 4. Nc3 e6 5. g3 Be7 6. Bg2 O-O 7. O-O b6 8. Nd2 a5 9. e4 dxc4 10.
Nxc4 Ba6 11. b3 b5 12. Ne3 b4 13. Ne2 Bxe2 14. Qxe2 Qxd4 15. Bb2 Qa7 16. Rac1 Qa6 17. Qc2 Ra7 18.
Rfd1 Rd7 19. Bxf6 Rxd1+ 20. Rxd1 Bxf6 21. Qc5 Rd8 22. Rxd8+ Bxd8 23. Nc4 Qc8 24. e5 Qc7 25. Kf1 g5 26.
h3 Kg7 27. f4 gxf4 28. gxf4 Be7 29. Nd6 Kf8 30. Ke2 Qd8 31. Be4 h6 32. Bf3 Qc7 33. Be4 Qd8 34. Bf3 1/2-1/2

[Event "FIDE Grand Swiss 2023"]
[Site "Villa Marina, Douglas, Isle of Man, Isle Of Man"]
[Date "2023.11.02"]
[Round "8.8"]
[White "Sarana, Alexey"]
[Black "Rapport, Richard"]
[Result "1-0"]
[TimeControl "40/90 + 30 + 30s/move"]
[WhiteFideId "24133795"]
[BlackFideId "738590"]
[WhiteElo "2682"]
[BlackElo "2752"]

1. d4 f5 2. c4 Nf6 3. Nf3 g6 4. Nc3 d6 5. g3 Bg7 6. Bg2 O-O 7. O-O c6 8. Rb1 a5 9. Qb3 Na6 10.
Na4 Nc7 11. Nb6 a4 12. Nxa4 b5 13. Nb6 bxc4 14. Qc2 Ra6 15. Nxc8 Qxc8 16. Qxc4+ Qe6 17. b3 Ne4 18. Qc2 Nd5 19.
Ng5 Nxg5 20. Bxg5 f4 21. Bxd5 Qxd5 22. Bxf4 Qxd4 23. a4 c5 24. Rfd1 Qb4 25. Bd2 Qg4 26. Qd3 c4 27. Qd5+ Kh8 28.
Qb5 Raa8 29. bxc4 Qxe2 30. Be3 Qa2 31. Qd7 Bf6 32. Rb4 Rfd8 33. Qe6 Qc2 34. Rc1 Qa2 35. Rb7 Rf8 36. Rxe7 Qxa4 37. Bh6 Qa3 1-0

[Event "FIDE Grand Swiss 2023"]
[Site "Villa Marina, Douglas, Isle of Man, Isle Of Man"]
[Date "2023.11.02"]
[Round "8.9"]
[White "Aronian, Levon"]
[Black "Niemann, Hans Moke"]
[Result "1/2-1/2"]
[TimeControl "40/90 + 30 + 30s/move"]
[WhiteFideId "13300474"]
[BlackFideId "2093596"]
[WhiteElo "2742"]
[BlackElo "2667"]

1. e4 e5 2. Nf3 Nc6 3. Bb5 Nf6 4. O-O Nxe4 5. d4 Nd6 6. Bxc6 dxc6 7. dxe5 Nf5 8. Qxd8+ Kxd8 9. Rd1+ Ke8 10.
Nc3 Be7 11. Bg5 h6 12. Bxe7 Nxe7 13. Nd4 Nf5 14. Nce2 Ke7 15. f4 Rd8 16. Kf2 Nxd4 17. Nxd4 Bg4 18. Ne2 Bf5 19. Nd4 Bg4 20.
Ne2 Bf5 21. Nd4 Bg4 1/2-1/2

[Event "FIDE Grand Swiss 2023"]
[Site "Villa Marina, Douglas, Isle of Man, Isle Of Man"]
[Date "2023.11.02"]
[Round "8.10"]
[White "Cheparinov, Ivan"]
[Black "Duda, Jan-Krzysztof"]
[Result "1-0"]
[TimeControl "40/90 + 30 + 30s/move"]
[WhiteFideId "2905540"]
[BlackFideId "1170546"]
[WhiteElo "2658"]
[BlackElo "2726"]

1. e4 c5 2. Nf3 d6 3. d4 cxd4 4. Nxd4 Nf6 5. Nc3 a6 6. Be3 e5 7. Nb3 Be6 8. f3 h5 9. Qd2 Nbd7 10.
Nd5 Bxd5 11. exd5 g6 12. O-O-O Nb6 13. Kb1 Nbxd5 14. Bg5 Be7 15. Bd3 Qc7 16. Rhe1 O-O-O 17. c4 Nb6 18. c5 Nbd7 19.
Bxg6 dxc5 20. Bxf7 Kb8 21. Qe2 Rh7 22. Be6 h4 23. f4 Nh5 24. Bf5 Bxg5 25. Bxh7 Nxf4 26. Qg4 Bf6 27. Bf5 c4 28.
Rxd7 Rxd7 29. Bxd7 cxb3 30. axb3 e4 31. Rf1 Be5 32. g3 hxg3 33. hxg3 Nd3 34. Qxe4 Nc5 35. Qd5 Nxd7 36. Rf7 Nb6 37.
Qf3 Qc6 38. Qxc6 bxc6 39. g4 Nd5 40. g5 Nf4 41. Re7 Bc7 42. Rg7 Be5 43. Re7 Bc7 44. Re8+ Kb7 45. Kc2 Bd6 46. g6 Nxg6 47.
Re6 Bb4 48. Rxg6 Kc7 49. Kd3 Kd7 50. Rg4 1-0

[Event "FIDE Grand Swiss 2023"]
[Site "Villa Marina, Douglas, Isle of Man, Isle Of Man"]
[Date "2023.11.02"]
[Round "8.11"]
[White "Vitiugov, Nikita"]
[Black "Sindarov, Javokhir"]
[Result "1/2-1/2"]
[TimeControl "40/90 + 30 + 30s/move"]
[WhiteFideId "4152956"]
[BlackFideId "14205483"]
[WhiteElo "2711"]
[BlackElo "2658"]

1. d4 Nf6 2. c4 g6 3. Nc3 Bg7 4. e4 d6 5. Nf3 O-O 6. Be2 e5 7. O-O exd4 8. Nxd4 Nc6 9. Be3 Re8 10.
f3 Nh5 11. Qd2 Nxd4 12. Bxd4 Nf4 13. Rf2 Bxd4 14. Qxd4 Qg5 15. Nd5 Nxd5 16. cxd5 Bd7 17. Rd1 f5 18. f4 Qh4 19. exf5 Bxf5 20. Bd3 Bxd3 21. Qxd3 Re7 22. f5 Rf8 23. Rdf1 Ref7 24.
g3 Qf6 25. fxg6 Qxg6 26. Rxf7 Rxf7 27. Qxg6+ hxg6 28. Rc1 c5 29. dxc6 Rc7 30. Kf2 Rxc6 31. Rxc6 bxc6 32. Ke3 Kf7 33.
b4 Ke6 34. h4 Kf5 35. Kf3 a6 36. g4+ Ke5 37. Ke3 Kf6 38. Ke4 Ke6 39. Kd4 Kf6 40. Ke4 Ke6 1/2-1/2

[Event "FIDE Grand Swiss 2023"]
[Site "Villa Marina, Douglas, Isle of Man, Isle Of Man"]
[Date "2023.11.02"]
[Round "8.12"]
[White "Ter-Sahakyan, Samvel"]
[Black "Maghsoodloo, Parham"]
[Result "0-1"]
[TimeControl "40/90 + 30 + 30s/move"]
[WhiteFideId "13302531"]
[BlackFideId "12539929"]
[WhiteElo "2618"]
[BlackElo "2707"]

1. e4 e5 2. Nf3 Nc6 3. Bb5 a6 4. Ba4 Nf6 5. O-O Be7 6. Re1 b5 7. Bb3 d6 8. c3 O-O 9. h3 Bb7 10.
d4 Re8 11. Ng5 Rf8 12. Nf3 Re8 13. a3 h6 14. Ba2 Bf8 15. d5 Ne7 16. c4 c6 17. Nc3 bxc4 18. dxc6 Bxc6 19. Bxc4 Qc7 20.
Qb3 Ng6 21. Bd2 Rec8 22. Rac1 Rab8 23. Qc2 Qa7 24. b4 Bb5 25. Bb3 Qb7 26. Qb1 Bc4 27. Bxc4 Rxc4 28. Nd5 Nxe4 29. Rxc4 Nxd2 30.
Nf6+ gxf6 31. Nxd2 d5 32. Rc3 e4 33. Nb3 f5 34. Qd1 Bg7 35. Nc5 Qe7 36. Rg3 Rd8 37. Qh5 Qf6 38. Rb3 Nf4 39.
Qd1 d4 40. Rg3 d3 41. Kh1 Qb2 42. Rf1 Ne2 43. Re3 Nc3 0-1

[Event "FIDE Grand Swiss 2023"]
[Site "Villa Marina, Douglas, Isle of Man, Isle Of Man"]
[Date "2023.11.02"]
[Round "8.13"]
[White "Yilmaz, Mustafa"]
[Black "Giri, Anish"]
[Result "1/2-1/2"]
[TimeControl "40/90 + 30 + 30s/move"]
[WhiteFideId "6302718"]
[BlackFideId "24116068"]
[WhiteElo "2640"]
[BlackElo "2760"]

1. d4 Nf6 2. c4 e6 3. Nf3 b6 4. g3 Bb7 5. Bg2 Be7 6. O-O O-O 7. Nc3 Ne4 8. Bd2 f5 9. Ne5 d6 10.
Nd3 Qe8 11. Nf4 Nxc3 12. Bxc3 Bxg2 13. Kxg2 Bg5 14. d5 Bxf4 15. gxf4 Nd7 16. dxe6 Qxe6 17. Qd5 Rae8 18. Rfe1 a5 19.
Rad1 Nf6 20. Bxf6 Rxf6 21. e3 Kf8 22. Qxe6 Rexe6 23. Rd5 Ke7 24. Kf3 Rf8 25. Rg1 g6 26. a4 Kf6 27. b3 Rfe8 28.
Rgd1 R6e7 29. Rg1 Re6 30. Rgd1 R6e7 31. Rg1 1/2-1/2

[Event "FIDE Grand Swiss 2023"]
[Site "Villa Marina, Douglas, Isle of Man, Isle Of Man"]
[Date "2023.11.02"]
[Round "8.14"]
[White "Yakubboev, Nodirbek"]
[Black "Praggnanandhaa, R"]
[Result "1/2-1/2"]
[TimeControl "40/90 + 30 + 30s/move"]
[WhiteFideId "14203987"]
[BlackFideId "25059530"]
[WhiteElo "2616"]
[BlackElo "2738"]

1. d4 Nf6 2. Nf3 d5 3. c4 e6 4. Nc3 c6 5. e3 Be7 6. Qc2 O-O 7. b3 dxc4 8. Bxc4 b5 9. Bd3 Na6 10.
Be2 Nb4 11. Qb2 Nbd5 12. O-O a6 13. Ne5 Bb7 14. Nd3 Qb6 15. Bd2 Nxc3 16. Bxc3 b4 17. Bd2 a5 18. Rfc1 Ba6 19. Rc2 Bb5 20.
Be1 Nd7 21. Rac1 Rac8 22. Nc5 Nxc5 23. dxc5 Qa6 24. Bxb5 Qxb5 25. Rc4 Rfd8 26. a3 bxa3 27. Qxa3 Ra8 28. h3 Rdb8 29. R1c3 Bf6 30.
Rd3 a4 31. Rxa4 Rxa4 32. bxa4 Qb1 33. Kf1 Kf8 34. Rd2 Rb3 35. Qa2 Bc3 36. Re2 Qxa2 37. Rxa2 Rb1 38. Re2 Ra1 39. f4 Bxe1 40. Rxe1 Rxa4 41.
Rb1 Rc4 42. Rb8+ Ke7 43. Rb7+ Kf6 44. Rc7 Rxc5 45. Kf2 h6 46. Kf3 g5 47. g3 Rc4 48. h4 gxh4 49. gxh4 h5 50. Ke2 Rc5 51.
Kf3 Rc1 52. Ke4 c5 53. Rc6 Kg6 54. Ke5 Kg7 55. Ke4 Kf6 56. Rc7 Kg6 57. Rc8 Kg7 58. Rc7 c4 59. Rc5 Kh6 60. Kd4 Rh1 61.
Rxc4 Rxh4 62. Ke5 Kg7 63. Rc7 Rh3 64. e4 Rf3 65. f5 exf5 66. exf5 Rg3 67. Rb7 Rg4 68. f6+ Kg6 69. Rb8 Rg5+ 70. Kf4 Ra5 71. Kg3 Ra3+ 72. Kh4 Ra4+ 73. Kg3 Kxf6 74.
Rb6+ Kg5 75. Rb5+ f5 76. Rb8 h4+ 77. Kh3 Ra3+ 78. Kg2 Kg4 79. Rg8+ Kf4 80. Rh8 h3+ 81. Kh2 Re3 82. Ra8 Ke4 83.
Ra4+ Ke5 84. Ra5+ Kf6 85. Ra6+ Kg5 86. Ra8 f4 87. Rg8+ Kf5 88. Rf8+ Ke4 89. Ra8 Kf5 90. Rf8+ Kg4 91.
Rg8+ Kf3 92. Ra8 Kf2 93. Ra1 Re1 94. Ra2+ Kf1 95. Ra3 Re2+ 96. Kh1 Kf2 97. Kh2 Re8 98. Ra2+ Kf3 99. Ra7 Rb8 100.
Ra6 Rb1 101. Ra8 Re1 102. Ra7 Re5 103. Ra8 Re3 104. Kxh3 Ke2+ 105. Kh2 f3 106. Ra1 Kf2 107. Rb1 Re8 108. Rb2+ Re2 109.
Rb1 Ra2 110. Kh3 Ke3 111. Kg3 Ke2 112. Kh3 Kf2 113. Kh2 Rd2 114. Ra1 Re2 115. Rb1 Re3 116. Ra1 Re1 117. Ra2+ Ke3 118.
Ra3+ Kf4 119. Ra4+ Re4 120. Ra8 Re1 121. Ra4+ Ke3 122. Ra3+ Ke2 123. Ra2+ Kf1 124. Kg3 Re3 125. Rf2+ Ke1 126.
Rxf3 Rxf3+ 127. Kxf3 1/2-1/2

[Event "FIDE Grand Swiss 2023"]
[Site "Villa Marina, Douglas, Isle of Man, Isle Of Man"]
[Date "2023.11.02"]
[Round "8.15"]
[White "Vachier-Lagrave, Maxime"]
[Black "Pichot, Alan"]
[Result "1-0"]
[TimeControl "40/90 + 30 + 30s/move"]
[WhiteFideId "623539"]
[BlackFideId "110973"]
[WhiteElo "2727"]
[BlackElo "2650"]

1. e4 e5 2. Nf3 Nc6 3. Bb5 a6 4. Ba4 Nf6 5. O-O b5 6. Bb3 Bc5 7. a4 Bb7 8. d3 O-O 9. Bg5 h6 10.
Bh4 Be7 11. c3 d6 12. Nbd2 Nd7 13. Bg3 Na5 14. Bc2 c5 15. Re1 Re8 16. Nf1 Bf8 17. Ne3 Nb6 18. Bh4 Be7 19. Bxe7 Qxe7 20.
b4 cxb4 21. cxb4 Nc6 22. a5 Nd7 23. Nd5 Qd8 24. Bb3 Ne7 25. Ne3 Ng6 26. Rc1 Nf6 27. g3 Rc8 28. Qd2 Rxc1 29. Rxc1 Qd7 30.
Qa2 Rc8 31. Rxc8+ Bxc8 32. Kf1 Bb7 33. Ke2 Nf8 34. Nf5 Ne6 35. Bxe6 fxe6 36. Ne3 Kf8 37. Qc2 Ke7 38. Nd2 g5 39.
f3 Qc6 40. Qb2 Bc8 41. Nb3 Bd7 42. Kd2 Qc8 43. Qa1 Qe8 44. Qg1 h5 45. h3 Qg6 46. g4 hxg4 47. Nxg4 Nh5 48. d4 exd4 49.
e5 d5 50. Qxd4 Nf4 51. Qc5+ Kf7 52. Qc2 Qxc2+ 53. Kxc2 Nxh3 54. Kd3 Ke7 55. Kd4 Nf4 56. Nf2 Kd8 57. Nc5 Bc8 58. Ncd3 Ne2+ 59.
Ke3 Ng1 60. Ne1 Bb7 61. Nc2 Ke7 62. Nd4 Kf7 63. f4 Kg6 64. fxg5 Kxg5 65. Nd3 Bc8 66. Kf2 Nh3+ 67. Kg3 Ng1 68.
Kg2 1-0

[Event "FIDE Grand Swiss 2023"]
[Site "Villa Marina, Douglas, Isle of Man, Isle Of Man"]
[Date "2023.11.02"]
[Round "8.16"]
[White "Yu, Yangyi"]
[Black "Najer, Evgeniy"]
[Result "1/2-1/2"]
[TimeControl "40/90 + 30 + 30s/move"]
[WhiteFideId "8603820"]
[BlackFideId "4118987"]
[WhiteElo "2720"]
[BlackElo "2648"]

1. e4 c5 2. Nf3 e6 3. d3 d5 4. Nbd2 Nc6 5. g3 Nf6 6. Bg2 g6 7. O-O Bg7 8. c3 O-O 9. e5 Nd7 10.
d4 f6 11. exf6 Bxf6 12. dxc5 Nxc5 13. Nb3 Nxb3 14. Qxb3 Qb6 15. Bh6 Qxb3 16. axb3 Re8 17. Rad1 a5 18. h4 Bd7 19. Rfe1 a4 20.
bxa4 Rxa4 21. Bh3 Nd8 22. Bg5 Bxg5 23. Nxg5 Kg7 24. b3 Ra3 25. c4 Bc6 26. cxd5 exd5 27. Rxe8 Bxe8 28. Rxd5 Ra1+ 29.
Bf1 Nf7 30. Nxf7 Kxf7 31. f4 Rb1 32. Re5 Kf8 33. Kf2 1/2-1/2

[Event "FIDE Grand Swiss 2023"]
[Site "Villa Marina, Douglas, Isle of Man, Isle Of Man"]
[Date "2023.11.02"]
[Round "8.17"]
[White "Abdusattorov, Nodirbek"]
[Black "Saric, Ivan"]
[Result "1/2-1/2"]
[TimeControl "40/90 + 30 + 30s/move"]
[WhiteFideId "14204118"]
[BlackFideId "14508150"]
[WhiteElo "2716"]
[BlackElo "2647"]

1. e4 c5 2. Nf3 Nc6 3. Bc4 e6 4. O-O d5 5. Bb5 Nf6 6. d3 Qc7 7. Nc3 a6 8. Bxc6+ Qxc6 9. Bf4 b5 10.
Re1 Be7 11. Ne5 Qb7 12. exd5 exd5 13. d4 O-O 14. Bg5 c4 15. Ne2 h6 16. Bh4 Re8 17. Ng3 Be6 18. f4 Ne4 19. Bxe7 Nxg3 20.
hxg3 Rxe7 21. Qh5 f6 22. Ng6 Ree8 23. Re3 Bf7 24. Rae1 Re4 25. f5 Rae8 26. Qf3 b4 27. Nf4 a5 28.
Rxe4 dxe4 29. Qe3 h5 30. d5 Bxd5 31. Nxh5 Bf7 32. Nf4 Qc8 33. g4 c3 34. bxc3 Qxc3 35. Qxc3 bxc3 36. a3 e3 37.
g3 a4 38. Kg2 Bb3 39. Rc1 Bc4 40. Kf3 Ba6 41. Rb1 e2 42. Re1 Rd8 43. Nxe2 Rd2 44. Nxc3 Rxc2 45. Nxa4 Bb7+ 46. Ke3 Rc4 47.
Nb6 Rxg4 48. Rg1 Kh7 49. Kf2 Be4 50. a4 Bxf5 51. a5 Rb4 52.
Ra1 Be4 53. Ra3 Bb7 54. Nd7 Rb2+ 55. Ke1 Rb1+ 56. Kd2 Rb5 57. Nf8+ Kh6 58. Ne6 Rd5+ 59. Kc3 Re5 60. a6 Bxa6 61.
Rxa6 Re3+ 62. Kd4 Rxg3 63. Ra7 Rg1 64. Kc5 g5 65. Kd6 Re1 66. Rf7 Kg6 67. Ke7 g4 68. Rxf6+ Kh5 69. Rf8 Kh4 70.
Kd6 g3 71. Rg8 Kh3 72. Nf4+ Kh2 73. Kd5 Re3 74. Kd4 Ra3 75. Ke4 Kg1 76. Nd5 g2 77. Ne3 Rxe3+ 78. Kxe3 Kf1 79. Rxg2 1/2-1/2

[Event "FIDE Grand Swiss 2023"]
[Site "Villa Marina, Douglas, Isle of Man, Isle Of Man"]
[Date "2023.11.02"]
[Round "8.18"]
[White "Zhalmakhanov, Ramazan"]
[Black "Shankland, Sam"]
[Result "1/2-1/2"]
[TimeControl "40/90 + 30 + 30s/move"]
[WhiteFideId "13706357"]
[BlackFideId "2004887"]
[WhiteElo "2447"]
[BlackElo "2698"]

1. e4 e6 2. d4 d5 3. Nd2 c5 4. exd5 Qxd5 5. Ngf3 cxd4 6. Bc4 Qd8 7. O-O Nc6 8. Nb3 a6 9. Nbxd4 Nxd4 10.
Nxd4 Qc7 11. Bd3 Bd6 12. h3 Ne7 13. Qh5 Bd7 14. Re1 Qc5 15. Qxc5 Bxc5 16. Be3 Bd6 17. Be4 O-O-O 18. Rad1 Bc7 19.
c3 Kb8 20. Nb3 Bc8 21. Kf1 e5 22. Bd3 f6 23. Nc5 Nd5 24. Bc1 Bb6 25. Ne4 Be6 26. Bc2 Ba7 27. Ng3 Rd7 28. Rd2 Rhd8 29.
Red1 g6 30. Ke1 Kc7 31. Re2 Bc5 32. Bb3 Kc6 33. Nf1 g5 34. Ng3 Nf4 35. Rxd7 Bxd7 36. Bxf4 gxf4 37. Nh5 Rf8 38. Rd2 Kc7 39.
Ng7 Rd8 40. Bd5 Bc8 41. b4 Ba7 42. f3 Be3 43. Rd1 b5 44.
Ke2 Bb6 45. Ne6+ Bxe6 46. Bxe6 Rxd1 47. Kxd1 h5 48. Ke2 h4 49. Kd3 Bf2 50. c4 bxc4+ 51. Kxc4 Kb6 52. a4 a5 53. b5 Be1 54.
Kd5 Bf2 55. Bf5 Be1 56. Bc2 Bc3 57. Be4 Bd4 58. Kd6 Bc3 59. Ke6 Bd4 60. Kxf6 Bc3 61. Ke6 Bd4 62. Kd5 Bc3 63. Bd3 Bb2 64.
Bf1 Bc3 65. Ke4 Kc5 66. Kf5 Bd4 67. Be2 Kb6 68. Ke4 Kc5 69. Bd1 Bc3 70. Bb3 Bd4 71. Kd3 Ba1 72. Bd1 Bd4 73. Ke4 Bc3 74.
Kf5 Bd4 75. Kg5 Bf2 76. Bc2 Be1 77. Be4 Bf2 78. Bc6 Be1 79. Kf5 Bc3 80. Ke4 Bd4 1/2-1/2

[Event "FIDE Grand Swiss 2023"]
[Site "Villa Marina, Douglas, Isle of Man, Isle Of Man"]
[Date "2023.11.02"]
[Round "8.19"]
[White "Artemiev, Vladislav"]
[Black "Gledura, Benjamin"]
[Result "1/2-1/2"]
[TimeControl "40/90 + 30 + 30s/move"]
[WhiteFideId "24101605"]
[BlackFideId "712779"]
[WhiteElo "2697"]
[BlackElo "2633"]

1. e4 c5 2. Nf3 d6 3. Bb5+ Bd7 4. Bxd7+ Nxd7 5. O-O e6 6. c3 Ngf6 7. Qe2 Be7 8. Rd1 O-O 9. d4 cxd4 10.
cxd4 b5 11. Bg5 a6 12. a4 h6 13. Bh4 bxa4 14. Rxa4 a5 15. Nc3 Nb6 16. Raa1 a4 17. Qb5 Rb8 18. Bxf6 Bxf6 19. e5 Be7 20.
Nxa4 Nxa4 21. Qxa4 Rxb2 22. Qa7 dxe5 23. dxe5 Qb6 24. Qxb6 Rxb6 25. Rab1 Rxb1 26. Rxb1 g5 27. h3 Rc8 28.
g4 Rc2 29. Rd1 Bc5 30. Rd2 Rxd2 31. Nxd2 Kf8 32. Kg2 Ke7 33. Kg3 Kd7 34. Ne4 Be7 35. f4 Kc6 36. Kf3 Kd5 37. Nc3+ Kc4 38.
Ne4 Kd5 39. Nc3+ Kd4 40. Nb5+ Kc5 41. Nc3 Kd4 42. Nb5+ Kc5 1/2-1/2

[Event "FIDE Grand Swiss 2023"]
[Site "Villa Marina, Douglas, Isle of Man, Isle Of Man"]
[Date "2023.11.02"]
[Round "8.20"]
[White "Nihal, Sarin"]
[Black "Huschenbeth, Niclas"]
[Result "1-0"]
[TimeControl "40/90 + 30 + 30s/move"]
[WhiteFideId "25092340"]
[BlackFideId "24604747"]
[WhiteElo "2694"]
[BlackElo "2605"]

1. c4 e6 2. Nf3 Nf6 3. b3 d5 4. Bb2 c5 5. cxd5 exd5 6. g3 Be7 7. Bg2 O-O 8. O-O b6 9. d4 Bb7 10.
Nc3 Nbd7 11. Nh4 Re8 12. Nf5 Bf8 13. dxc5 Nxc5 14. Rc1 g6 15. Ne3 Bg7 16. Na4 Nce4 17. Bd4 Qd7 18. Rc2 Rac8 19.
Rxc8 Rxc8 20. Qa1 Qe6 21. Nc3 h5 22. Rd1 Rd8 23. h4 Bh6 24. Nxe4 Nxe4 25. Nf1 Rc8 26. Qb2 Qc6 27. Ne3 Qe6 28.
Nc2 Nxg3 29. fxg3 Qxe2 30. Re1 Qxc2 31. Qxc2 Rxc2 32. Re8+ Bf8 33. Rb8 Ba6 34. Ra8 Rc7 35. Be5 Rd7 36.
Bb2 Bb7 37. Rb8 Rc7 38. Be5 Rc1+ 39. Kh2 Bc8 40. Bxd5 Rc2+ 41. Kg1 Bg7 42. Bxg7 Kxg7 43. Bc4 Bf5 44. Rb7 Kf6 45. Rxa7 Ke5 46.
Bxf7 Ke4 47. b4 Rb2 48. Ra3 Rxb4 49. Bb3 Kd4 50. Kf2 Rb5 51. Ra4+ Kc3 52. Rc4+ Kb2 53. Rc6 Bb1 54. Bc4 Rb4 55.
Bf7 b5 56. Rb6 Ka3 57. Be8 Bxa2 58. Rxb5 Rd4 59. Bxg6 Rd2+ 60. Ke3 1-0

[Event "FIDE Grand Swiss 2023"]
[Site "Villa Marina, Douglas, Isle of Man, Isle Of Man"]
[Date "2023.11.02"]
[Round "8.21"]
[White "Korobov, Anton"]
[Black "Petrosyan, Manuel"]
[Result "1/2-1/2"]
[TimeControl "40/90 + 30 + 30s/move"]
[WhiteFideId "14105730"]
[BlackFideId "13300857"]
[WhiteElo "2658"]
[BlackElo "2604"]

1. Nf3 Nf6 2. c4 e6 3. Nc3 d5 4. e3 Bd6 5. b3 O-O 6. Bb2 c5 7. cxd5 exd5 8. d4 cxd4 9. Nxd4 Nc6 10.
Be2 Nxd4 11. Qxd4 Re8 12. Rd1 Be5 13. Qd2 Bf5 14. O-O Rc8 15. Bf3 Ne4 16. Nxe4 dxe4 17. Qxd8 Rexd8 18.
Rxd8+ Rxd8 19. Bxe4 Bxh2+ 20. Kxh2 Bxe4 21. Bd4 a6 22. Rc1 Bc6 23. Rc5 Rd5 24. a3 f6 25. Rxd5 Bxd5 26. b4 Bc6 27.
f3 Kf7 28. e4 h5 29. Kg3 g5 30. Kf2 Kg6 31. Bb6 f5 32. exf5+ Kxf5 33. Bd8 g4 34. fxg4+ hxg4 35. g3 Ke4 36.
Ke2 Kd4 37. Kd2 Ba4 38. b5 Bxb5 39. Kc2 Kc4 1/2-1/2

[Event "FIDE Grand Swiss 2023"]
[Site "Villa Marina, Douglas, Isle of Man, Isle Of Man"]
[Date "2023.11.02"]
[Round "8.22"]
[White "Anton Guijarro, David"]
[Black "Svane, Frederik"]
[Result "1/2-1/2"]
[TimeControl "40/90 + 30 + 30s/move"]
[WhiteFideId "2285525"]
[BlackFideId "12923044"]
[WhiteElo "2653"]
[BlackElo "2626"]

1. e4 e5 2. Nf3 Nc6 3. Bc4 Nf6 4. d3 Bc5 5. O-O d6 6. a4 O-O 7. h3 a5 8. Be3 Bxe3 9. fxe3 Ne7 10.
Nh4 c6 11. Bb3 d5 12. Nd2 Be6 13. Qe1 Ng6 14. exd5 Bxd5 15. Nf5 e4 16. d4 Bxb3 17. Nxb3 Qd5 18. Qg3 b6 19. Nd2 Rae8 20.
b3 Qd8 21. c4 Re6 22. Nb1 Nh5 23. Qg4 Nf6 24. Qe2 Ne7 25. Nxe7+ Qxe7 26. Nc3 Nd7 27. Rf4 f5 28. Raf1 Ref6 29.
g4 fxg4 30. hxg4 g5 31. Rxf6 Rxf6 32. Qh2 Qe6 33. Qh5 Rxf1+ 34. Kxf1 h6 35. Nd1 Kg7 36. Nf2 Nf6 37. Qh2 Kg6 38.
Qb8 Nxg4 39. Nxg4 Qxg4 1/2-1/2

[Event "FIDE Grand Swiss 2023"]
[Site "Villa Marina, Douglas, Isle of Man, Isle Of Man"]
[Date "2023.11.02"]
[Round "8.23"]
[White "Jumabayev, Rinat"]
[Black "Harikrishna, Pentala"]
[Result "1/2-1/2"]
[TimeControl "40/90 + 30 + 30s/move"]
[WhiteFideId "13702661"]
[BlackFideId "5007003"]
[WhiteElo "2585"]
[BlackElo "2716"]

1. e4 c6 2. Nf3 d5 3. d3 dxe4 4.
dxe4 Qxd1+ 5. Kxd1 Bg4 6. Be2 Bxf3 7. Bxf3 Nd7 8. g3 h5 9. Ke2 g6 10. Be3 Ngf6 11. a4 Ng4 12. Bd4 e5 13.
Bc3 Bc5 14. h3 Ngf6 15. Nd2 Bd4 16. Bxd4 exd4 17. Nc4 Nc5 18. e5 Nfd7 19. b4 Ne6 20. h4 Rd8 21. Bg2 O-O 22. a5 d3+ 23.
cxd3 Nd4+ 24. Ke3 Nxe5 25. Nxe5 Rfe8 26. f4 f6 27. Rac1 fxe5 28. fxe5 Rxe5+ 29. Be4 Kg7 30. Rc4 Nf5+ 31.
Kf4 Rb5 32. a6 Rf8 33. Bxf5 Rfxf5+ 34. Ke3 bxa6 35. Rxc6 a5 36. bxa5 Rxa5 37. Rhc1 Rae5+ 38. Kd4 Rd5+ 39.
Ke3 Rde5+ 40. Kd4 Rd5+ 41. Ke3 Rde5+ 1/2-1/2